 Dungeon Crawl Stone Soup version 0.23.1 (webtiles) character file.

Game seed: 3381795162514410068

21 Sandy the Scratcher (level 2, -5/14 HPs)
             Began as a Felid Chaos Knight on Mar 7, 2019.
             Was a Plaything of Xom.
             Killed by the capriciousness of Xom (11 damage)
             ... on level 2 of the Dungeon.
             The game lasted 00:01:34 (357 turns).

Sandy the Scratcher (Felid Chaos Knight)             Turns: 357, Time: 00:01:37

Health: -5/14      AC:  1    Str:  8    XL:     2   Next: 65%
Magic:  3/3        EV: 18    Int: 13    God:    Xom [*.....]
Gold:   0          SH:  0    Dex: 15    Spells: 1/1 levels left
                                        Lives:  0   Deaths: 0

rFire    . . .     SeeInvis +     - Unarmed
rCold    . . .     Gourm    .   (shield unavailable)
rNeg     . . .     Faith    .   (armour unavailable)
rPois    .         Spirit   .   (helmet unavailable)
rElec    .         Reflect  .   (cloak unavailable)
rCorr    .         Harm     .   (gloves unavailable)
MR       .....                  (boots unavailable)
Stlth    ++........             (no amulet)
HPRegen  0.04/turn              (no ring)
MPRegen  0.08/turn              (no ring)

@: quick
A: very small, no armour, no weapons or thrown items, stealth, claws 1, fangs 3,
see invisible, carnivore, speed 1, shaggy fur 1, slow metabolism 1, sharp paws
a: Renounce Religion


You were on level 2 of the Dungeon.
You worshipped Xom.
You were a BORING thing.
You were very full.

You visited 1 branch of the dungeon, and saw 2 of its levels.

Inventory:

Scrolls
 b - a scroll of remove curse {unknown}
 c - a scroll of enchant armour {unknown}
 d - a scroll of immolation {unknown}
Comestibles
 a - a ration


   Skills:
 - Level 3.0 Fighting
 - Level 3.2 Dodging
 + Level 4.0 Unarmed Combat


You had one spell level left.
You didn't know any spells.
Your spell library was empty.

Dungeon Overview and Level Annotations

Branches:
Dungeon (2/15)

Altars:


Innate Abilities, Weirdness & Mutations

You cannot wear armour.
You are incapable of wielding weapons or throwing items.
Your paws allow you to move quietly. (Stealth)
You have sharp claws.
You have razor-sharp teeth.
You have supernaturally acute eyesight. (SInv)
You are carnivorous and can eat meat at any time.
You cover ground quickly.
You are covered in fur. (AC +1)
You have a slow metabolism.
Your sharp claws are effective at attacking unaware monsters.


Message History

The bat moves out of view.
Things that are here:
2 chunks of flesh; a quokka skeleton A bat comes into view.
The bat misses you.
You claw the worm!
The worm is moderately wounded.
Your butterfly disappears in a puff of smoke!
The bat misses you. The bat closely misses your butterfly. The worm misses you.
You scratch the worm.
The worm is moderately wounded.
Your butterfly disappears in a puff of smoke!
The bat hits you but does no damage.
You scratch the worm.
The worm is heavily wounded.
Xom notices you.
You are caught in a localised spatial distortion.
Ouch! That really hurt!
You die...
Xom howls with laughter!

#........?.. .##..
###..........# ...>.
#............###....
..................
#..............#..
##.###...............
#......b.g####...####
......w@.%b)b).(..(.#
.......§..###..(....####
..######### ##..........
#.b........ #..........
#.......... #..........
#.......÷.. #......#...


You could see a worm, a goblin and 2 bats.

Vanquished Creatures
  An adder (D:2)
  A leopard gecko (D:2)
  A giant cockroach (D:2)
  A goblin (D:2)
  2 kobolds (D:2)
  2 quokkas (D:2)
  A bat (D:2)
  A rat (D:2)
10 creatures vanquished.

Notes
Turn   | Place    | Note
-------+----------+-------------------------------------------
     0 | D:1      | Sandy the Felid Chaos Knight began the quest for the Orb.
     0 | D:1      | Reached XP level 1. HP: 10/10 MP: 2/2
    16 | D:1      | XOM: divination: detect creatures
    44 | D:2      | Reached XP level 2. HP: 8/14 MP: 3/3
   330 | D:2      | XOM: noise
   336 | D:2      | XOM: butterfly on damage
   339 | D:2      | Reached skill level 4 in Unarmed Combat
   357 | D:2      | XOM is BORED!
   357 | D:2      | XOM: mild Summ miscast
   357 | D:2      | Killed by the capriciousness of Xom

Skill      XL: |  1  2 |
---------------+-------+-----
Unarmed Combat | 4 |  4.0
Fighting       | |  3.0
Dodging        | |  3.2

Action                   || total
-------------------------++-------
Melee: Unarmed           ||    36
       Bite              ||     4
 Stab: Sleeping          ||     1
  Eat: Chunk             ||     5
Armor: Skin              ||     1
Dodge: Dodged            ||    41
